 Dungeon Crawl Stone Soup version 0.32-a0-705-g60f233581c (webtiles) character file.

Game seed: 4776338352116804856

327 narra the Apothecary (level 6, 0/41 HPs)
             Began as a Formicid Alchemist on Mar 14, 2024.
             Was an Initiate of Okawaru.
             Slain by a jelly (2 damage)
             ... on level 4 of the Dungeon.
             The game lasted 00:20:13 (4317 turns).

narra the Apothecary (Formicid Alchemist)           Turns: 4317, Time: 00:20:13

Health: 0/41       AC: -1    Str: 13    XL:     6   Next: 79%
Magic:  9/11       EV: 11    Int: 16    God:    Okawaru [......]
Gold:   161        SH:  0    Dex: 14    Spells: 1/11 levels left

rFire   . . .        h - +0 rapier
rCold   . . .        (no shield)
rNeg    . . .        a - +0 robe
rPois   .            (helmet unavailable)
rElec   .            (no cloak)
rCorr   .            (no gloves)
SInv    +            e - +0 pair of boots
Will    .....        (no amulet)
Stlth   +++          (no ring)
HPRegen 0.26/turn    (no ring)
MPRegen 0.12/turn

%: no passive effects
@: corroded, attractive
A: permanent stasis, dig shafts and tunnels, antennae 3, four strong arms
a: Dig, Shaft Self, Renounce Religion


You were on level 4 of the Dungeon.
You worshipped Okawaru.
Okawaru was noncommittal.
You visited 1 branch of the dungeon, and saw 4 of its levels.

You collected 161 gold pieces.

Inventory:

Hand Weapons
 c - a +2 dagger of distortion
 h - a +0 rapier (weapon)
 n - a +0 spear of venom
Missiles
 o - a throwing net
Armour
 a - a +0 robe (worn)
 e - a +0 pair of boots (worn)
 i - a +0 ring mail
 p - a +0 plate armour
Jewellery
 l - an amulet of faith
Talismans
 j - a beast talisman
Scrolls
 d - 2 scrolls of identify {unknown}
 f - a scroll of noise
Potions
 b - a potion of magic
 g - a potion of attraction
 k - 2 potions of cancellation {unknown}
 m - 2 potions of degeneration {unknown}


   Skills:
 - Level 1.7 Dodging
 + Level 4.0 Stealth
 + Level 3.4 Spellcasting
 + Level 2.4 Conjurations
 + Level 1.4 Air Magic
 * Level 6.4 Alchemy
 + Level 0.0 Invocations


You had one spell level left.
You knew the following spells:

 Your Spells              Type           Power      Damage    Failure   Level
a - Sting                 Conj/Alch      64%        1d7       3%          1
b - Mercury Vapours       Alch/Air       30%        N/A       5%          2
c - Mephitic Cloud        Conj/Alch/Air  13%        N/A       13%         3
d - Olgreb's Toxic Radia  Alch           23%        N/A       13%         4

Your spell library contained the following spells:

 Spells                   Type           Power      Damage    Failure   Level
 Sublimation of Blood     Necr           2%         N/A       26%         2
 Petrify                  Alch/Erth      13%        N/A       43%         4
 Sticky Flame             Fire/Alch      13%        2d5       43%         4
 Irradiate                Conj/Alch      8%         3d14      63%         5
 Yara's Violent Unravell  Hex/Alch       6%         3d5       78%         5
 Passage of Golubria      Tloc           2%         N/A       87%         4
 Tukima's Dance           Hex            Unusable   N/A       N/A         3

Dungeon Overview and Level Annotations

Branches:
Dungeon (4/15)
 Temple: D:4-7

Altars:
Elyvilon
Okawaru
Wu Jian

Shops:
D:3 *

Annotations:
D:3 Sigmund


Innate Abilities, Weirdness & Mutations

You cannot be hasted, slowed, berserked, paralysed or teleported.
You can dig through walls and to a lower floor.
You have a pair of large antennae on your head. (SInv)
Your four strong arms can wield two-handed weapons with a shield.


Message History

Found a war axe.
You sense a monster nearby.
Found a stone staircase leading down.
A jelly comes into view.
The jelly quivers.
Casting: Sting (safe; 3% risk of failure)
Confirm with . or Enter, or press ? or * to list all spells.
Aiming: Mercury Vapours (safe; 5% risk of failure)
Press: ? - help, Dir - move target, f - jelly
Aim: a jelly (chance to weaken: 100%) Fumes of mercury billow around the jelly!
The jelly looks weaker.
You hit the jelly.
Your hands burn!
The jelly is heavily wounded.
The jelly hits you. The acid corrodes you!
You are splashed with acid!
You completely miss the jelly.
The jelly is heavily wounded.
The jelly closely misses you.
You hit the jelly.
Your hands burn!
The jelly is severely wounded.
The jelly hits you but does no damage. x2
You hit the jelly.
Your hands burn!
The jelly is almost dead.
The jelly is no longer weakened.
The jelly hits you.
You are splashed with acid!
* * * LOW HITPOINT WARNING * * *
Aiming: Sting (safe; 3% risk of failure)
Press: ? - help, Q - select action, (/) - cycle Shift-Dir - straight line, f/p - jelly
Aim: a jelly (almost dead, 100% to hit)
The sting hits the jelly.
The jelly partially resists.
The jelly is poisoned.
The jelly is almost dead.
The jelly hits you.
* * * LOW HITPOINT WARNING * * *
You are splashed with acid!
* * * LOW HITPOINT WARNING * * *
Okay, then.
It was a potion of attraction.
You feel attractive to monsters. The jelly hits you.
You die...

#######.........###.....#
.##
........................#
.......###.......#.).).#...#
###.###.#
###)...##.._..##.##
#.....#.# #.....#.).).#..#
#...>.#.# ##.#...........#
.....J..# #.##...###...## {
#.######.###...#...##
#....J@..####.....##
#..#####.........## .....#
########### ..)....#
########


You could see a jelly (poisoned).

Vanquished Creatures
  2 orc priests (D:4)
  2 hounds (D:4)
  An iguana (D:3)
  Natasha (D:3)
  3 gnolls (D:3)
  5 adders
  4 ribbon worms (D:2)
  3 orcs
  5 ball pythons
  4 endoplasms
  3 giant cockroaches
  9 goblins
  6 hobgoblins
  8 kobolds
  2 quokkas (D:3)
  8 bats
  6 frilled lizards
  9 rats
81 creatures vanquished.

Notes
Turn   | Place    | Note
-------+----------+-------------------------------------------
     0 | D:1      | narra the Formicid Alchemist began the quest for the Orb.
     0 | D:1      | Reached XP level 1. HP: 13/13 MP: 3/3
   144 | D:1      | Reached skill level 1 in Conjurations
   353 | D:1      | Reached XP level 2. HP: 19/19 MP: 3/5
   356 | D:1      | Learned a level 2 spell: Mercury Vapours
  1200 | D:2      | Reached XP level 3. HP: 20/24 MP: 4/6
  1598 | D:2      | Reached skill level 5 in Alchemy
  1598 | D:2      | Reached XP level 4. HP: 30/30 MP: 1/8
  1654 | D:2      | Learned a level 3 spell: Mephitic Cloud
  2687 | D:3      | Noticed Sigmund
  3049 | D:3      | Reached XP level 5. HP: 35/35 MP: 9/9
  3054 | D:3      | Found Edeit's General Store.
  3122 | D:3      | Found a white marble altar of Elyvilon.
  3611 | D:3      | Noticed Natasha
  3621 | D:3      | Killed Natasha
  3622 | D:3      | Reached skill level 1 in Air Magic
  3677 | D:3      | Learned a level 4 spell: Olgreb's Toxic Radiance
  3813 | D:4      | Reached XP level 6. HP: 36/41 MP: 7/10
  3833 | D:3      | Reached skill level 6 in Alchemy
  4120 | D:4      | Found an iron altar of Okawaru.
  4135 | D:4      | Became a worshipper of Warmaster Okawaru
  4206 | D:4      | Found an ornate altar of the Wu Jian Council.
  4316 | D:4      | HP: 2/41 [acid (7)]
  4317 | D:4      | Slain by a jelly

Illustrated notes

Levels and vault maps discovered:
D:1:      dpeg_cavernosity, layout_basic, hex_tiny
D:2:      layout_loops_cross
D:3:      layout_loops_ring, mainiacjoe_overflow_alcove_1, serial_shops,
          nicolae_shop_stone, uniq_sigmund, uniq_natasha
D:4:      layout_loops_ring, okawaru_ov_weapons_minmay,
          nicolae_wu_jian_wuxing_cycle, cheibrodos_sewer_entry_bend,
          st_stairs_3, nicolae_specific_store, kennysheep_crisscross

Skill      XL: |  1  2  3  4  5  6 |
---------------+-------------------+-----
Conjurations   | 1 2 |  2.4
Alchemy        | 5 6 |  6.4
Stealth        | 3 4 |  4.0
Spellcasting   | 3 |  3.4
Air Magic      | 1 |  1.4
Dodging        | |  1.7

Action                     |  1- 3 |  4- 6 || total
---------------------------+-------+-------++-------
  Melee: Unarmed           |     7 |       ||     7
         Short sword       |    19 |    13 ||    32
         Rapier            |       |    88 ||    88
         Spear             |       |    22 ||    22
   Cast: Sting             |    40 |    59 ||    99
         Mercury Vapours   |     5 |    18 ||    23
    Use: Scroll            |       |     1 ||     1
         Potion            |       |     1 ||     1
   Stab: Sleeping          |     4 |     2 ||     6
 Armour: Robe              |    14 |    89 ||   103
  Dodge: Dodged            |    18 |    80 ||    98

Table legend: (Time is in decaauts)
 A = Elapsed time spent in this place.
 B = Non-inter-level travel time spent in this place.
 C = Inter-level travel time spent in this place.
 D = Time resting spent in this place.
 E = Time spent auto-exploring this place.
 F = Levels seen in this place.
 G = Mean time per level.
                   A        B        C        D        E       F      G
               +--------+--------+--------+--------+--------+-----+--------+
         Total |   4335 |   4041 |    294 |    339 |   2595 |   4 | 1083.8 |
       Dungeon |   4335 |   4041 |    294 |    339 |   2595 |   4 | 1083.8 |
               +--------+--------+--------+--------+--------+-----+--------+

Top non-repeatable levels by time:
     D:2: 1481 daAuts
     D:3: 1235 daAuts
     D:1: 1186 daAuts
     D:4: 432 daAuts
